 Dungeon Crawl Stone Soup version 0.27.1-2-g3b301248ec (webtiles) character file.

Game seed: 4022109817298526200

155 ABBCCCDDDD the Firebug (level 5, -6/34 HPs)
             Began as an Octopode Fire Elementalist on Sept 30, 2021.
             Killed from afar by Natasha (8 damage)
             ... with a magic dart
             ... on level 2 of the Dungeon.
             The game lasted 00:04:56 (3104 turns).

ABBCCCDDDD the Firebug (Octopode Fire Elementalist) Turns: 3104, Time: 00:04:56

Health: -6/34      AC:  1    Str:  8    XL:     5   Next: 37%
Magic:  8/8        EV: 13    Int: 18    God:
Gold:   45         SH:  0    Dex: 12    Spells: 4/8 levels left

rFire    . . .     SeeInvis .   a - +2 demon trident (elec)
rCold    . . .     Faith    .   (no shield)
rNeg     . . .     Spirit   .   (helmet restricted)
rPois    .         Reflect  .   (no amulet)
rElec    .         Harm     .   (no ring)
rCorr    .         Rampage  .   (no ring)
Will     .....                  (no ring)
Stlth    +++.......             (no ring)
HPRegen  0.11/turn              (no ring)
MPRegen  0.11/turn              (no ring)
                                (no ring)
                                (no ring)

@: about to teleport, flying
A: almost no armour, amphibious, 8 rings, camouflage 1, gelatinous body 1,
(nimble swimmer 1), tentacles
a: no special abilities


You were on level 2 of the Dungeon.
You visited 1 branch of the dungeon, and saw 3 of its levels.

You collected 45 gold pieces.

Inventory:

Hand Weapons
 a - a +2 demon trident of electrocution (weapon)
 f - a +2 dagger of venom
Missiles
 c - 2 throwing nets
Scrolls
 d - 5 scrolls of identify {unknown}
 h - a scroll of vulnerability {unknown}


   Skills:
 + Level 2.1 Fighting
 + Level 2.0 Polearms
 - Level 2.0 Dodging
 - Level 2.6 Stealth
 - Level 2.0 Spellcasting
 + Level 2.5 Conjurations
 + Level 3.9 Fire Magic
 + Level 0.2 Air Magic
 + Level 0.3 Poison Magic


You had 4 spell levels left.
You knew the following spells:

 Your Spells              Type           Power      Damage    Failure   Level
a - Foxfire               Conj/Fire      52%        2x1d6     4%          1
b - Mephitic Cloud        Conj/Pois/Air  5%         N/A       34%         3

Your spell library contained the following spells:

 Spells                   Type           Power      Damage    Failure   Level
 Magic Dart               Conj           44%        1d5       6%          1
 Conjure Flame            Conj/Fire      13%        6-21      14%         3
 Beastly Appendage        Tmut           2%         N/A       19%         1
 Inner Flame              Hex/Fire       8%         N/A       24%         3
 Call Imp                 Summ           1%         N/A       26%         2
 Wereblood                Tmut           1%         N/A       26%         2
 Sticky Flame             Conj/Fire      13%        2d4       43%         4
 Spider Form              Tmut/Pois      1%         N/A       45%         3
 Fireball                 Conj/Fire      6%         3d5       78%         5


Dungeon Overview and Level Annotations

Branches:
Dungeon (3/15)

Altars:

Annotations:
D:2 Natasha, Sigmund


Innate Abilities, Weirdness & Mutations

You cannot wear most types of armour.
You are amphibious.
You can wear up to eight rings at the same time.
Your skin changes colour to match your surroundings (Stealth+).
Your rubbery body absorbs attacks. (AC +1, EV +1)
((You are camouflaged near water. (Stealth+)))
You have tentacles for arms and can constrict up to eight enemies at once.


Message History

The foxfire hits Natasha.
Natasha is lightly wounded.
You barely miss Natasha. You grab Natasha.
Natasha is lightly wounded.
You constrict Natasha, but do no damage.
Natasha closely misses you.
Natasha stares at you and mumbles some strange words.
The magic dart hits you.
You barely miss Natasha.
Natasha is lightly wounded.
You constrict Natasha.
Natasha stares at you and mumbles some strange words.
The magic dart hits you!
Your foxfire dissipates!
You release your grip on Natasha.
Natasha claws you.
Okay, then.
Okay, then.
It was a potion of flight.
You feel very buoyant.
You fly up into the air.
Natasha barely misses you.
Natasha stares at you and mumbles some strange words.
You resist with some effort.
As you read the scroll labelled EMADWE VAYMU, it crumbles to dust.
It is a scroll of amnesia.
Really abort (and waste the scroll)? [Y]es or [N]o only, please.
Really abort (and waste the scroll)?
Okay, then.
Natasha misses you. Natasha claws you.
* * * LOW HITPOINT WARNING * * *
As you read the scroll labelled FEXOBU SEMIPH, it crumbles to dust.
You feel strangely unstable.
It was a scroll of teleportation.
Natasha mumbles some strange words.
Natasha stares at you and mumbles some strange words.
The magic dart hits you!
* * * LOW HITPOINT WARNING * * *
Natasha extends her claws.
Natasha stares at you and mumbles some strange words.
The magic dart hits you!
You die...

##.....#....##.#.#.###.###...###.
###...##......#.#...............
####.#.<..####.#######.#...#.##
###....#.##.# #.# #.......#
.......#.##.# #.# ####.####
.........##.# #.# #.#
.......####.# #.# #.# ##รท###.#
#.# #.# ###.### )..# #.# #.#
##@## #.....# ...#
#.####.###.#.## #.###.###
...###.#....#.h###.# #.# #....
..(##..######.#.#..## #.###.###
#####..### ##.##....#####.....###
###...#.###>#.#................#
##.....#.##.###.....###########.#
.......#...## ##........# ####.#
########..#.###....####.# #....#


You could see Natasha (fast).

Levels and vault maps discovered:
D:1:      lightli_arrival_chessboard, layout_basic
D:2:      minmay_recursive_quarters, layout_loops_ring,
          hellmonk_ecumenical_altar_watching_god, minmay_heptomino_w4,
          uniq_terence, uniq_natasha, uniq_sigmund
D:3:      layout_loops_ring, serial_shops, nicolae_shop_waterfront

Notes
Turn   | Place    | Note
-------+----------+-------------------------------------------
     0 | D:1      | ABBCCCDDDD the Octopode Fire Elementalist began the quest
                  | for the Orb.
     0 | D:1      | Reached XP level 1. HP: 11/11 MP: 3/3
   218 | D:1      | Reached XP level 2. HP: 17/18 MP: 5/5
   354 | D:1      | Reached skill level 1 in Fighting
   746 | D:1      | Reached XP level 3. HP: 23/23 MP: 2/6
  1524 | D:2      | Reached skill level 1 in Polearms
  2073 | D:2      | Reached XP level 4. HP: 28/28 MP: 7/7
  2194 | D:2      | Found a faded altar of an unknown god.
  2194 | D:2      | Noticed a shining eye
  2197 | D:2      | Noticed a golden eye
  2197 | D:2      | Noticed a great orb of eyes
  2197 | D:2      | Noticed a shining eye
  2331 | D:2      | Noticed Natasha
  2341 | D:2      | Killed Natasha
  2346 | D:2      | Reached XP level 5. HP: 28/34 MP: 3/8
  2605 | D:2      | Noticed Sigmund
  2717 | D:1      | Learned a level 3 spell: Mephitic Cloud
  2863 | D:2      | Noticed Terence
  2874 | D:2      | Killed Terence
  3081 | D:2      | Noticed Natasha
  3104 | D:2      | Killed from afar by Natasha

Table legend: (Time is in decaauts)
 A = Elapsed time spent in this place.
 B = Non-inter-level travel time spent in this place.
 C = Inter-level travel time spent in this place.
 D = Time resting spent in this place.
 E = Time spent auto-exploring this place.
 F = Levels seen in this place.
 G = Mean time per level.
                   A        B        C        D        E       F      G
               +--------+--------+--------+--------+--------+-----+--------+
         Total |   3119 |   3037 |     82 |   1406 |   1141 |   3 | 1039.7 |
       Dungeon |   3119 |   3037 |     82 |   1406 |   1141 |   3 | 1039.7 |
               +--------+--------+--------+--------+--------+-----+--------+

Top non-repeatable levels by time:
     D:2: 1650 daAuts
     D:1: 1463 daAuts
     D:3: 5 daAuts

Table legend:
 A = Kills in this place as a percentage of kills in entire the game.
 B = Kills by you in this place as a percentage of kills by you in the entire game.
 C = Kills by friends in this place as a percentage of kills by friends in the entire game.
 D = Other kills in this place as a percentage of other kills in the entire game.
 E = Experience gained in this place as a percentage of experience gained in the entire game.
 F = Experience gained in this place divided by the number of levels of this place that you have seen.
                   A       B       C       D       E      F
               +-------+-------+-------+-------+-------+----------------------
         Total | 100.0 | 100.0 |   N/A |   N/A | 100.0 |  74.0
       Dungeon | 100.0 | 100.0 |   N/A |   N/A | 100.0 |  74.0
               +-------+-------+-------+-------+-------+----------------------

Action                   |  1- 3 |  4- 6 || total
-------------------------+-------+-------++-------
Melee: Demon trident     |    40 |    20 ||    60
       Unarmed           |     2 |       ||     2
       Tentacles         |     2 |     1 ||     3
       Constrict         |     5 |     3 ||     8
 Cast: Foxfire           |    75 |    32 ||   107
  Use: Scroll            |       |     2 ||     2
       Potion            |       |     1 ||     1
 Stab: Sleeping          |     2 |     2 ||     4
       Distracted        |       |     1 ||     1
Armor: Skin              |     5 |       ||     5
Dodge: Dodged            |    23 |    10 ||    33

Vanquished Creatures
  Terence (D:2)
  Natasha (D:2)
  3 adders (D:2)
  5 dart slugs
  2 orcs (D:3)
  4 ball pythons
  7 bats
  4 endoplasms
  3 giant cockroaches
  6 goblins
  3 hobgoblins (D:2)
  2 jackals (D:1)
  7 quokkas
  4 frilled lizards (D:2)
  9 kobolds
  4 rats
65 creatures vanquished.

Vanquished Creatures (others)
  160 foxfires
160 creatures vanquished.

Grand Total: 225 creatures vanquished
